 Dungeon Crawl Stone Soup version 0.27.1 (webtiles) character file.

Game seed: 7392433308269171470

3460 Kinoniko the Grappler (level 9, 0/80 HPs)
             Began as a Troll Fighter on Sept 1, 2021.
             Was a Priest of Okawaru.
             Killed from afar by an electric eel (10 damage)
             ... with a bolt of electricity
             ... on level 9 of the Dungeon.
             The game lasted 00:09:05 (6360 turns).

Kinoniko the Grappler (Troll Fighter)               Turns: 6360, Time: 00:09:06

Health: 0/80       AC: 10    Str: 26    XL:     9   Next: 78%
Magic:  8/8        EV: 10    Int:  8    God:    Okawaru [***...]
Gold:   546        SH: 10    Dex: 11    Spells: 8/8 levels left

rFire    . . .     SeeInvis .     - Unarmed
rCold    . . .     Faith    +   b - +0 kite shield
rNeg     + . .     Spirit   .   B - +0 steam dragon scales
rPois    .         Reflect  .   A - +0 hat {Int+3}
rElec    .         Harm     .   d - +2 cloak
rCorr    .         Rampage  .   (gloves unavailable)
Will     .....                  (boots unavailable)
Stlth    +.........             p - amulet of faith
HPRegen  1.23/turn              f - ring of positive energy
MPRegen  0.11/turn              (no ring)

@: studying Unarmed Combat
A: large, unfitting armour, claws 3, regeneration 1, shaggy fur 1, tough skin 1
a: Renounce Religion, Heroism


You were on level 9 of the Dungeon.
You worshipped Okawaru.
Okawaru was most pleased with you.
You visited 1 branch of the dungeon, and saw 9 of its levels.
You also visited: Ossuary.

You collected 546 gold pieces.

Inventory:

Missiles
 k - 2 throwing nets (quivered)
Armour
 a - a +0 robe
 b - a +0 kite shield (worn)
 d - a +2 cloak (worn)
 i - a +0 cloak
 A - a +0 hat of intelligence (worn)
 B - +0 steam dragon scales (worn)
Jewellery
 e - an amulet of magic regeneration
 f - a ring of positive energy (left claw)
 p - an amulet of faith (around neck)
 G - a ring of wizardry
Wands
 n - a wand of digging (10)
 o - a wand of polymorph (11)
 v - a wand of flame (48)
Scrolls
 m - 5 scrolls of teleportation
 w - 2 scrolls of amnesia
 x - 3 scrolls of enchant weapon
 y - a scroll of torment
 z - 3 scrolls of fog
 E - a scroll of brand weapon {unknown}
 F - a scroll of fear
Potions
 c - 5 potions of might
 g - 2 potions of cancellation
 h - 2 potions of flight
 j - 2 potions of magic {unknown}
 l - 2 potions of lignification {unknown}
 q - 4 potions of curing {unknown}
 r - 2 potions of brilliance
 s - 2 potions of berserk rage
 t - a potion of heal wounds {unknown}
 u - 3 potions of degeneration {unknown}
 C - a potion of attraction {unknown}
 D - a potion of haste {unknown}


   Skills:
 - Level 2.4 Fighting
 + Level 6.3 Dodging
 + Level 6.3 Shields
 * Level 12.9 Unarmed Combat


You had 8 spell levels left.
You didn't know any spells.
Your spell library contained the following spells:

 Spells                   Type           Power      Damage    Failure   Level
 Blink                    Tloc           N/A        N/A       75%         2
 Corpse Rot               Necr/Air       N/A        N/A       75%         2
 Poisonous Vapours        Pois/Air       0%         N/A       75%         2
 Sublimation of Blood     Necr           0%         N/A       75%         2
 Wereblood                Tmut           0%         N/A       75%         2
 Lesser Beckoning         Tloc           0%         N/A       92%         3
 Freezing Cloud           Conj/Ice/Air   0%         6-21      100%        5
 Manifold Assault         Tloc           0%         N/A       100%        5
 Summon Forest            Summ/Tloc      0%         N/A       100%        5
 Eringya's Noxious Bog    Tmut/Pois      0%         N/A       100%        6
 Summon Hydra             Summ           0%         N/A       100%        7


Dungeon Overview and Level Annotations

Branches:
Dungeon (8/15)             Temple (0/1) D:7            Lair (0/6) D:8
Ossuary (visited)

Altars:
Cheibriados
Dithmenos
Hepliaklqana
Makhleb
Okawaru
Ru
Trog
Xom
The Shining One

Shops:
D:2 *

Annotations:
D:9 3 runed translucent doors, denis1488's ghost, novice DjGl


Innate Abilities, Weirdness & Mutations

You are too large for most types of armour.
You have claws for hands.
Your natural rate of healing is unusually fast.
You are covered in fur. (AC +1)
You have tough skin. (AC +1)


Message History

Found 16 gold pieces.
Found a scroll of fear.
Found 13 gold pieces.
You now have 546 gold pieces (gained 16).
Found a knobbly jade ring.
F - a scroll of fear An electric eel comes into view.
The electric eel shoots out a bolt of lightning at you!
The bolt of electricity hits you!
An electric eel comes into view.
The electric eel shoots out a bolt of lightning at you!
The bolt of electricity hits you.
The electric eel shoots out a bolt of lightning at you!
The bolt of electricity hits you but does no damage.
The electric eel shoots out a bolt of lightning at you!
The bolt of electricity hits you.
The electric eel shoots out a bolt of lightning at you!
The bolt of electricity hits you!
The electric eel shoots out a bolt of lightning at you!
The bolt of electricity hits you!
You see here a ring of wizardry.
G - a ring of wizardry The electric eel shoots out a bolt of lightning at you!
The bolt of electricity hits you!
The electric eel shoots out a bolt of lightning at you!
The bolt of electricity hits you!
The electric eel shoots out a bolt of lightning at you!
The bolt of electricity hits you!
The electric eel shoots out a bolt of lightning at you!
The bolt of electricity hits you.
* * * LOW HITPOINT WARNING * * *
The electric eel shoots out a bolt of lightning at you!
The bolt of electricity hits you!
* * * LOW HITPOINT WARNING * * *
The electric eel shoots out a bolt of lightning at you!
The bolt of electricity hits you!
* * * LOW HITPOINT WARNING * * *
The electric eel shoots out a bolt of lightning at you!
The bolt of electricity hits you!
You die...

.# .# ##.# ...
#########.#
..........#
.#......#.#
.......@..#
...#....#..#####
...............# .
....#..#.......# ≈..
..........#..$.#≈≈..
#....##...#....≈≈≈≈≈
#..............;≈≈≈≈
#...#..#........≈≈≈.
#...............;≈≈.


You could see an electric eel.

Vanquished Creatures
  Maggie (D:8)
  Prince Ribbit (D:7)
  Sigmund (D:3)
  2 steam dragons
  3 water moccasins
  3 ice beasts
  An orc warrior (D:7)
  3 sky beasts
  3 ogres
  2 phantoms (D:7)
  3 bullfrogs
  A water moccasin zombie (D:5)
  A water moccasin skeleton (D:6)
  5 wights (D:7)
  3 howler monkeys
  A centaur zombie (D:8)
  A bullfrog zombie (D:6)
  A hound (D:5)
  An orc priest (D:7)
  A human zombie (Ossuary)
  3 iguanas
  An orc wizard (D:7)
  A hound zombie (D:5)
  A hound skeleton (D:4)
  5 mummies
  7 gnolls
  8 adders
  A river rat (D:4)
  A shadow imp (D:6)
  A white imp (D:7)
  3 adder zombies
  An adder skeleton (D:4)
  2 dart slugs
  8 orcs
  11 endoplasms
  5 giant cockroaches
  7 goblins
  11 hobgoblins
  11 jackals
  6 quokkas
  5 ball pythons
  4 bats (D:1)
  A frilled lizard (D:3)
  4 goblin zombies
  A hobgoblin zombie (Ossuary)
  A jackal zombie (Ossuary)
  11 kobolds
  2 kobold zombies (Ossuary)
  An orc zombie (D:8)
  5 rats
  2 rat zombies (Ossuary)
169 creatures vanquished.

Notes
Turn   | Place    | Note
-------+----------+-------------------------------------------
     0 | D:1      | Kinoniko the Troll Fighter began the quest for the Orb.
     0 | D:1      | Reached XP level 1. HP: 22/22 MP: 0/0
    89 | D:1      | Reached XP level 2. HP: 29/29 MP: 1/1
   835 | D:2      | Reached XP level 3. HP: 32/36 MP: 2/2
   867 | D:2      | Reached skill level 3 in Unarmed Combat
  1217 | D:2      | Found Wuryokeu's General Store.
  1250 | D:2      | Reached XP level 4. HP: 17/44 MP: 3/3
  1959 | D:3      | Found a shimmering altar of Xom.
  2124 | D:3      | Reached XP level 5. HP: 49/50 MP: 4/4
  2133 | D:3      | Noticed Sigmund
  2145 | D:3      | Killed Sigmund
  2146 | D:3      | Reached skill level 4 in Unarmed Combat
  2146 | D:3      | Reached XP level 6. HP: 59/59 MP: 5/5
  2479 | D:4      | Noticed a water moccasin
  2492 | D:4      | Killed a water moccasin
  2493 | D:4      | Reached skill level 5 in Unarmed Combat
  3126 | D:4      | Identified the +1 ring mail "Toxeogaku" {Fly rC- Str+6
                  | Dex+3}
  3505 | D:4      | Reached XP level 7. HP: 56/66 MP: 6/6
  3539 | D:4      | Found a bloodstained altar of Trog.
  3558 | D:4      | Reached skill level 6 in Unarmed Combat
  3664 | D:5      | Entered Level 5 of the Dungeon
  3770 | D:5      | Reached skill level 7 in Unarmed Combat
  3909 | D:5      | Found a glowing golden altar of the Shining One.
  4016 | D:5      | Found a burning altar of Makhleb.
  4176 | D:5      | Found a sacrificial altar of Ru.
  4210 | D:5      | Reached skill level 8 in Unarmed Combat
  4220 | D:5      | Reached XP level 8. HP: 74/74 MP: 7/7
  4400 | D:6      | Found an iron altar of Okawaru.
  4402 | D:6      | Found a snail-covered altar of Cheibriados.
  4410 | D:6      | Became a worshipper of Warmaster Okawaru
  4587 | D:6      | Reached skill level 9 in Unarmed Combat
  4637 | D:6      | Found a hazy altar of Hepliaklqana.
  4853 | D:6      | Reached * piety under Okawaru
  4991 | D:6      | Reached skill level 5 in Dodging
  4991 | D:6      | Reached skill level 5 in Shields
  5132 | D:7      | Reached skill level 10 in Unarmed Combat
  5206 | D:7      | Reached ** piety under Okawaru
  5216 | D:7      | Reached XP level 9. HP: 80/80 MP: 8/8
  5240 | D:7      | Found a staircase to the Ecumenical Temple.
  5260 | D:7      | Reached skill level 11 in Unarmed Combat
  5332 | D:7      | Noticed Prince Ribbit
  5338 | D:7      | Killed Prince Ribbit
  5506 | D:7      | Reached *** piety under Okawaru
  5507 | D:7      | Reached skill level 12 in Unarmed Combat
  5643 | D:7      | Found a shadowy altar of Dithmenos.
  5964 | D:8      | Found a sand-covered staircase.
  5969 | Ossuary  | Entered an ossuary
  6139 | Ossuary  | Identified 2 scrolls of acquirement
  6151 | D:8      | Acquired a manual of Unarmed Combat
  6153 | D:8      | Acquired a +0 hat of intelligence
  6221 | D:8      | Noticed Maggie
  6228 | D:8      | Killed Maggie
  6285 | D:8      | You fall into a shaft and drop 1 floor!
  6305 | D:9      | Found a runed translucent gate.
  6305 | D:9      | Found a runed translucent gate.
  6307 | D:9      | Found a runed translucent gate.
  6307 | D:9      | Noticed a two-headed ogre
  6307 | D:9      | Noticed a six-headed hydra
  6308 | D:9      | Noticed denis1488's ghost (novice DjGl)
  6315 | D:9      | Noticed a stone giant
  6360 | D:9      | Killed from afar by an electric eel

Illustrated notes

Levels and vault maps discovered:
D:1:      lightli_arrival_statue_moat, layout_basic
D:2:      layout_basic, serial_shops, nicolae_square_shop
D:3:      layout_loops_ring, mainiacjoe_overflow_surrounded_room,
          minmay_fractal_squares_diagonal_5, uniq_sigmund
D:4:      layout_loops_corners, trog_hazing_becter, gup_sewer_entry_bowl,
          minmay_manual_moon
D:5:      layout_loops_ring, mainiacjoe_overflow_alcove_4,
          mainiacjoe_overflow_chevrons, marbit_many_paths,
          hangedman_decor_peaks_small
D:6:      layout_basic, mainiacjoe_overflow_paths,
          chequers_temple_overflow_statue_of_worship
D:7:      layout_loops_ring, mainiacjoe_overflow_brackets,
          minmay_temple_entry_slanted, minmay_quadrilaterals,
          uniq_prince_ribbit1
D:8:      layout_gridville, lair_entry_dummy, nicolae_ossuary_entry_giza,
          kennysheep_nub, uniq_maggie
D:9:      layout_basic, orc_0_dummy, gammafunk_ghost_split,
          minmay_misc_feat_more_columns, minivault_25_ag,
          minmay_misc_feat_roman, minmay_diced_spiral, uniq_psyche

Skill      XL: |  1  2  3  4  5  6  7  8  9 |
---------------+----------------------------+-----
Unarmed Combat | 3 4 5 8 10 12 | 12.9
Dodging        | 3 4 5 6 |  6.3
Shields        | 3 4 5 6 |  6.3
Fighting       | |  2.4

Action                   |  1- 3 |  4- 6 |  7- 9 || total
-------------------------+-------+-------+-------++-------
Melee: Unarmed           |   115 |   158 |   231 ||   504
Invok: Heroism           |       |       |     1 ||     1
  Use: Scroll            |       |     4 |    14 ||    18
 Stab: Sleeping          |       |     1 |       ||     1
Armor: Robe              |    42 |    38 |    73 ||   153
       Steam dragon scal |       |       |     1 ||     1
Dodge: Dodged            |    39 |    35 |    74 ||   148
Block: Kite shield       |    57 |    68 |   113 ||   238
